[ PARTIDA AOE2 · #494932457 ]
UnrankedDrávidas vs Saracens
[ ANÁLISIS DE REPETICIÓN · EXTRAÍDO DE LA PARTIDA GRABADA ]
Feudal
9:13
Castillos
22:09
Imperial
38:20
| APM promedio | 25.5 |
| APM pico | 69 |
| eAPM promedio | 16.1 |
| Aldeanos / militares | 182 / 192 |
Foco
⚔️ 29.9% · 🌾 70.1%
Battle Elephant ×95 · Archer ×40 · Elephant Archer ×36 · Scout Cavalry ×18 · Mangonel ×3
Feudal
10:19
Castillos
22:31
Imperial
42:11
| APM promedio | 29.6 |
| APM pico | 55 |
| eAPM promedio | 15.7 |
| Aldeanos / militares | 152 / 309 |
Foco
⚔️ 35.7% · 🌾 64.3%
Skirmisher ×184 · Scout Cavalry ×51 · Archer ×36 · Mameluke ×26 · Trebuchet (Packed) ×6 · Monk ×3
Feudal
11:42
Castillos
31:41
Imperial
45:34
| APM promedio | 18.5 |
| APM pico | 51 |
| eAPM promedio | 8.8 |
| Aldeanos / militares | 58 / 68 |
Foco
⚔️ 29.2% · 🌾 70.8%
Skirmisher ×60 · Archer ×4 · Battering Ram ×3 · Spearman ×1
Feudal
9:13
Castillos
27:22
Imperial
42:38
| APM promedio | 42.3 |
| APM pico | 90 |
| eAPM promedio | 19.9 |
| Aldeanos / militares | 128 / 353 |
Foco
⚔️ 43.9% · 🌾 56.1%
Skirmisher ×105 · Hand Cannoneer ×98 · Archer ×80 · Spearman ×44 · Bombard Cannon ×12 · Hussite Wagon ×8
Feudal
8:53
Castillos
20:54
Imperial
36:37
| APM promedio | 69.6 |
| APM pico | 180 |
| eAPM promedio | 22.8 |
| Aldeanos / militares | 145 / 198 |
Foco
⚔️ 47.0% · 🌾 53.0%
Ghulam ×88 · Camel Scout ×45 · Hand Cannoneer ×39 · Scout Cavalry ×26
Feudal
10:33
Castillos
26:06
Imperial
39:18
| APM promedio | 35.5 |
| APM pico | 71 |
| eAPM promedio | 19.9 |
| Aldeanos / militares | 162 / 440 |
Foco
⚔️ 33.6% · 🌾 66.4%
Militia ×190 · Skirmisher ×113 · Scout Cavalry ×72 · Spearman ×55 · Unknown (1923) ×9 · Trebuchet (Packed) ×8
Mapa de la partida
Recursos iniciales + cada clic de construcción. Líneas = muros · curvas = relieve. ◆ oro · ⬟ piedra · ● bayas · ✦ reliquia · ◌ hueco del cierre
Tu base· ✓ Cerrada en 22:09 · 51t muro · 1 puerta(s)
Base de Yepes· Abierta — hueco de 4t
Base de LordZero· ✓ Cerrada en 31:41 · 21t muro · 3 puerta(s)
Base de DS_zamazenta· Abierta — flanco sin cerrar
Base de albach· ✓ Cerrada en 20:54 · 36t muro · 1 puerta(s)
Base de Kevionyx· ✓ Cerrada en 26:06 · 45t muro · 1 puerta(s)
Terreno inicial suavizado · ◌ = hueco del cierre detectado · pasá el cursor para detalles
Inputs por minuto
— LRNI_robotech - - Yepes
Build order — LRNI_robotech
Primeras 150 de 537 acciones detectadas
| 0:00 | Crear | Villager (Male) |
| 0:01 | Crear | Villager (Male) |
| 0:02 | Construir | House |
| 0:04 | Construir | House |
| 0:04 | Crear | Villager (Male) |
| 0:12 | Crear | Villager (Male) |
| 1:25 | Crear | Villager (Male) |
| 2:01 | Construir | Lumber Camp |
| 2:01 | Crear | Villager (Male) |
| 2:17 | Crear | Villager (Male) |
| 2:42 | Crear | Villager (Male) |
| 3:20 | Crear | Villager (Male) |
| 3:43 | Construir | House |
| 3:52 | Crear | Villager (Male) |
| 4:08 | Crear | Villager (Male) |
| 4:14 | Construir | Mill |
| 4:24 | Crear | Villager (Male) |
| 4:45 | Crear | Villager (Male) |
| 5:40 | Crear | Villager (Male) |
| 5:40 | Crear | Villager (Male) |
| 6:27 | Investigar | Loom |
| 7:03 | Investigar | Feudal Age |
| 7:31 | Construir | Barracks |
| 7:57 | Construir | Mining Camp |
| 8:54 | Construir | House |
| 9:13 | Edad | Edad Feudal |
| 9:14 | Investigar | Double-Bit Axe |
| 9:25 | Construir | Archery Range |
| 9:27 | Crear | Villager (Male) |
| 9:35 | Crear | Villager (Male) |
| 9:36 | Crear | Villager (Male) |
| 9:43 | Construir | House |
| 10:00 | Crear | Villager (Male) |
| 10:09 | Crear | Villager (Male) |
| 10:11 | Crear | Archer |
| 10:23 | Construir | Blacksmith |
| 10:28 | Construir | House |
| 10:44 | Crear | Villager (Male) |
| 10:55 | Crear | Archer |
| 10:57 | Crear | Villager (Male) |
| 11:02 | Construir | House |
| 11:31 | Construir | Palisade Wall |
| 11:35 | Construir | Palisade Wall |
| 11:43 | Crear | Archer |
| 11:49 | Crear | Villager (Male) |
| 11:49 | Crear | Villager (Male) |
| 11:54 | Construir | House |
| 12:00 | Construir | Farm |
| 12:03 | Construir | Farm |
| 12:04 | Construir | Farm |
| 12:05 | Crear | Villager (Male) |
| 12:17 | Investigar | Fletching |
| 12:25 | Crear | Villager (Male) |
| 12:30 | Crear | Archer |
| 12:37 | Construir | Palisade Wall |
| 12:44 | Construir | House |
| 12:47 | Crear | Archer |
| 12:55 | Crear | Villager (Male) |
| 13:02 | Construir | Farm |
| 13:02 | Construir | Farm |
| 13:07 | Crear | Archer |
| 13:15 | Construir | House |
| 13:25 | Crear | Villager (Male) |
| 13:28 | Construir | Palisade Wall |
| 13:37 | Crear | Villager (Male) |
| 13:43 | Construir | Palisade Wall |
| 13:49 | Crear | Archer |
| 13:55 | Crear | Villager (Male) |
| 13:58 | Construir | Farm |
| 14:05 | Construir | House |
| 14:18 | Construir | Palisade Wall |
| 14:23 | Construir | Palisade Wall |
| 14:27 | Crear | Archer |
| 14:33 | Construir | Farm |
| 14:33 | Construir | Farm |
| 14:35 | Construir | Farm |
| 14:36 | Construir | Farm |
| 14:50 | Crear | Villager (Male) |
| 14:51 | Crear | Villager (Male) |
| 14:54 | Construir | Farm |
| 14:54 | Construir | Farm |
| 14:56 | Crear | Villager (Male) |
| 14:56 | Crear | Villager (Male) |
| 15:04 | Construir | House |
| 15:10 | Crear | Archer |
| 15:10 | Crear | Archer |
| 15:19 | Construir | Farm |
| 15:20 | Crear | Villager (Male) |
| 15:28 | Construir | Palisade Wall |
| 15:34 | Crear | Archer |
| 15:34 | Crear | Archer |
| 16:15 | Construir | Palisade Gate |
| 16:27 | Crear | Villager (Male) |
| 16:37 | Crear | Archer |
| 16:55 | Construir | House |
| 17:08 | Investigar | Wheelbarrow |
| 17:23 | Construir | House |
| 17:29 | Crear | Archer |
| 17:30 | Crear | Archer |
| 17:30 | Crear | Archer |
| 17:31 | Crear | Archer |
| 17:32 | Crear | Archer |
| 18:04 | Construir | Archery Range |
| 18:39 | Crear | Villager (Male) |
| 18:40 | Crear | Villager (Male) |
| 18:44 | Crear | Archer |
| 18:44 | Crear | Archer |
| 18:44 | Crear | Archer |
| 19:21 | Investigar | Castle Age |
| 19:35 | Construir | House |
| 19:44 | Crear | Archer ×5 |
| 19:48 | Investigar | Gold Mining |
| 19:55 | Construir | Lumber Camp |
| 20:18 | Construir | House |
| 20:39 | Investigar | Horse Collar |
| 21:16 | Investigar | Padded Archer Armor |
| 21:24 | Construir | House |
| 21:28 | Construir | House |
| 21:41 | Crear | Archer ×5 |
| 21:41 | Crear | Archer ×3 |
| 22:00 | Crear | Villager (Male) |
| 22:00 | Crear | Villager (Male) |
| 22:01 | Crear | Villager (Male) |
| 22:09 | Edad | Edad de los Castillos |
| 22:14 | Investigar | Crossbowman (upgrade) |
| 22:16 | Investigar | Bodkin Arrow |
| 22:28 | Crear | Archer ×2 |
| 22:35 | Construir | Town Center |
| 22:44 | Crear | Villager (Male) |
| 23:03 | Crear | Villager (Male) |
| 23:21 | Investigar | Leather Archer Armor |
| 23:35 | Crear | Archer |
| 23:54 | Crear | Villager (Male) |
| 24:18 | Crear | Archer ×3 |
| 24:42 | Crear | Villager (Male) |
| 24:42 | Crear | Villager (Male) |
| 24:46 | Crear | Villager (Male) |
| 24:46 | Crear | Villager (Male) |
| 24:49 | Crear | Villager (Male) |
| 24:49 | Crear | Villager (Male) |
| 25:03 | Construir | Siege Workshop |
| 25:13 | Crear | Elephant Archer |
| 25:13 | Crear | Elephant Archer |
| 25:15 | Crear | Villager (Male) |
| 25:16 | Crear | Villager (Male) |
| 25:19 | Construir | House |
| 25:23 | Construir | Farm |
| 25:24 | Construir | Farm |
| 25:24 | Construir | Farm |
| 25:24 | Construir | Farm |
Build order — Yepes
Primeras 150 de 435 acciones detectadas
| 0:01 | Crear | Villager (Male) |
| 0:01 | Crear | Villager (Male) |
| 0:02 | Crear | Villager (Male) |
| 0:02 | Construir | House |
| 0:03 | Construir | House |
| 0:29 | Crear | Villager (Male) |
| 0:29 | Crear | Villager (Male) |
| 1:23 | Crear | Villager (Male) |
| 1:24 | Crear | Villager (Male) |
| 1:58 | Construir | Lumber Camp |
| 2:07 | Crear | Villager (Male) |
| 2:07 | Crear | Villager (Male) |
| 2:23 | Crear | Villager (Male) |
| 2:23 | Crear | Villager (Male) |
| 2:50 | Crear | Villager (Male) |
| 2:50 | Crear | Villager (Male) |
| 3:04 | Crear | Villager (Male) |
| 3:04 | Crear | Villager (Male) |
| 3:37 | Crear | Villager (Male) |
| 3:52 | Construir | House |
| 4:00 | Crear | Villager (Male) |
| 4:00 | Crear | Villager (Male) |
| 4:27 | Construir | Mill |
| 4:41 | Crear | Villager (Male) |
| 4:41 | Crear | Villager (Male) |
| 5:12 | Crear | Villager (Male) |
| 5:20 | Crear | Villager (Male) |
| 5:20 | Crear | Villager (Male) |
| 6:00 | Crear | Villager (Male) |
| 6:13 | Crear | Villager (Male) |
| 6:18 | Construir | House |
| 6:48 | Crear | Villager (Male) |
| 6:48 | Crear | Villager (Male) |
| 7:01 | Crear | Villager (Male) |
| 7:19 | Investigar | Loom |
| 8:09 | Investigar | Feudal Age |
| 8:25 | Crear | Villager (Male) |
| 8:26 | Crear | Villager (Male) |
| 8:38 | Construir | Mining Camp |
| 8:47 | Construir | Palisade Wall |
| 9:00 | Construir | Barracks |
| 9:22 | Crear | Villager (Male) |
| 10:04 | Construir | House |
| 10:19 | Edad | Edad Feudal |
| 10:23 | Construir | Archery Range |
| 10:31 | Investigar | Double-Bit Axe |
| 10:39 | Construir | Palisade Wall |
| 11:09 | Construir | Archery Range |
| 11:12 | Construir | House |
| 11:18 | Crear | Villager (Male) |
| 11:18 | Crear | Villager (Male) |
| 11:22 | Crear | Archer |
| 11:34 | Construir | Palisade Wall |
| 11:39 | Crear | Villager (Male) |
| 12:01 | Crear | Villager (Male) |
| 12:19 | Construir | Blacksmith |
| 12:21 | Construir | Palisade Wall |
| 12:22 | Crear | Archer |
| 12:23 | Crear | Villager (Male) |
| 12:38 | Crear | Villager (Male) |
| 12:42 | Construir | Farm |
| 12:53 | Crear | Villager (Male) |
| 12:55 | Crear | Archer |
| 12:55 | Crear | Archer |
| 13:02 | Crear | Archer |
| 13:19 | Construir | Farm |
| 13:25 | Construir | House |
| 13:30 | Crear | Archer |
| 13:37 | Crear | Villager (Male) |
| 13:41 | Construir | Farm |
| 13:46 | Construir | House |
| 13:47 | Construir | House |
| 13:50 | Construir | Palisade Wall |
| 13:54 | Investigar | Fletching |
| 14:05 | Construir | Farm |
| 14:13 | Crear | Villager (Male) |
| 14:35 | Crear | Archer |
| 14:35 | Crear | Archer |
| 14:41 | Construir | Farm |
| 14:42 | Construir | Farm |
| 15:03 | Crear | Archer |
| 15:04 | Crear | Archer |
| 15:05 | Crear | Villager (Male) |
| 15:08 | Investigar | Padded Archer Armor |
| 15:18 | Construir | House |
| 15:21 | Crear | Archer |
| 15:21 | Crear | Archer |
| 15:22 | Crear | Villager (Male) |
| 15:24 | Construir | Farm |
| 15:31 | Construir | Farm |
| 15:38 | Construir | Farm |
| 15:55 | Construir | Palisade Wall |
| 15:56 | Construir | Palisade Wall |
| 16:00 | Construir | Farm |
| 16:07 | Crear | Archer |
| 16:07 | Crear | Archer |
| 16:09 | Crear | Villager (Male) |
| 16:17 | Construir | Farm |
| 16:32 | Construir | Farm |
| 16:34 | Crear | Archer |
| 16:34 | Crear | Archer |
| 16:55 | Construir | Farm |
| 16:57 | Crear | Villager (Male) |
| 16:59 | Crear | Archer |
| 16:59 | Crear | Archer |
| 17:13 | Construir | House |
| 17:15 | Construir | Palisade Wall |
| 17:40 | Construir | Palisade Wall |
| 17:45 | Crear | Villager (Male) |
| 17:45 | Crear | Villager (Male) |
| 18:35 | Construir | Market |
| 19:02 | Crear | Archer |
| 19:02 | Crear | Archer |
| 19:12 | Crear | Villager (Male) |
| 19:24 | Construir | Farm |
| 19:27 | Construir | Farm |
| 19:47 | Construir | Farm |
| 19:51 | Investigar | Castle Age |
| 20:01 | Construir | Lumber Camp |
| 20:24 | Crear | Skirmisher |
| 20:25 | Crear | Skirmisher |
| 20:40 | Construir | House |
| 20:45 | Investigar | Horse Collar |
| 20:59 | Crear | Skirmisher |
| 20:59 | Crear | Skirmisher |
| 21:18 | Construir | Palisade Gate |
| 21:23 | Crear | Skirmisher |
| 21:23 | Crear | Skirmisher |
| 21:39 | Construir | Palisade Wall |
| 21:41 | Construir | Palisade Wall |
| 21:44 | Crear | Villager (Male) |
| 22:10 | Crear | Villager (Male) |
| 22:10 | Crear | Villager (Male) |
| 22:31 | Edad | Edad de los Castillos |
| 22:36 | Construir | House |
| 22:38 | Investigar | Crossbowman (upgrade) |
| 22:41 | Investigar | Bodkin Arrow |
| 22:56 | Crear | Villager (Male) |
| 23:06 | Construir | Town Center |
| 23:44 | Crear | Villager (Male) |
| 23:44 | Crear | Villager (Male) |
| 23:55 | Construir | University |
| 24:39 | Investigar | Elite Skirmisher (upgrade) |
| 24:40 | Crear | Skirmisher |
| 24:40 | Crear | Skirmisher |
| 24:46 | Investigar | Leather Archer Armor |
| 24:49 | Investigar | Wheelbarrow |
| 24:53 | Construir | Farm |
| 24:55 | Construir | Farm |
| 25:13 | Crear | Villager (Male) |
Build order — LordZero
Primeras 150 de 260 acciones detectadas
| 0:02 | Crear | Villager (Male) ×4 |
| 0:02 | Crear | Villager (Male) ×4 |
| 0:04 | Construir | House |
| 0:06 | Construir | House |
| 1:39 | Crear | Villager (Male) |
| 2:03 | Construir | Lumber Camp |
| 2:15 | Crear | Villager (Male) |
| 2:18 | Crear | Villager (Male) |
| 3:33 | Crear | Villager (Male) |
| 3:33 | Crear | Villager (Male) |
| 4:39 | Crear | Villager (Male) |
| 4:39 | Crear | Villager (Male) |
| 4:46 | Construir | House |
| 4:48 | Construir | House |
| 6:08 | Crear | Villager (Male) |
| 6:08 | Crear | Villager (Male) |
| 6:09 | Crear | Villager (Male) |
| 6:16 | Crear | Villager (Male) |
| 6:26 | Crear | Villager (Male) |
| 7:45 | Crear | Villager (Male) |
| 7:46 | Crear | Villager (Male) |
| 7:46 | Crear | Villager (Male) |
| 8:19 | Crear | Villager (Male) |
| 8:19 | Crear | Villager (Male) |
| 8:54 | Construir | Mill |
| 9:32 | Investigar | Feudal Age |
| 10:29 | Construir | Mining Camp |
| 11:11 | Construir | Barracks |
| 11:42 | Edad | Edad Feudal |
| 12:11 | Construir | Watch Tower |
| 12:25 | Construir | Archery Range |
| 13:02 | Crear | Villager (Male) |
| 13:03 | Crear | Villager (Male) |
| 13:17 | Construir | Blacksmith |
| 13:23 | Construir | Palisade Gate |
| 13:30 | Construir | Archery Range |
| 13:42 | Crear | Spearman |
| 13:50 | Crear | Archer |
| 13:51 | Crear | Archer |
| 14:02 | Construir | House |
| 14:28 | Crear | Archer |
| 14:29 | Crear | Archer |
| 14:42 | Crear | Skirmisher |
| 14:43 | Crear | Skirmisher |
| 15:55 | Construir | House |
| 15:56 | Construir | House |
| 16:03 | Crear | Skirmisher |
| 16:03 | Crear | Skirmisher |
| 16:08 | Construir | Farm |
| 16:28 | Construir | House |
| 17:01 | Crear | Skirmisher |
| 17:02 | Crear | Skirmisher |
| 17:28 | Construir | Farm |
| 17:33 | Crear | Skirmisher |
| 17:33 | Crear | Skirmisher |
| 18:05 | Crear | Skirmisher |
| 18:06 | Crear | Skirmisher |
| 18:07 | Crear | Skirmisher |
| 18:34 | Crear | Skirmisher |
| 18:39 | Investigar | Fletching |
| 19:23 | Crear | Skirmisher |
| 19:24 | Crear | Skirmisher |
| 19:45 | Construir | Farm |
| 20:20 | Crear | Villager (Male) |
| 23:25 | Construir | Farm |
| 23:27 | Construir | Farm |
| 23:29 | Construir | Farm |
| 23:30 | Construir | Farm |
| 23:35 | Construir | Farm |
| 24:05 | Crear | Skirmisher |
| 24:06 | Crear | Skirmisher |
| 24:07 | Crear | Skirmisher |
| 24:07 | Crear | Skirmisher |
| 24:25 | Construir | Market |
| 24:35 | Construir | Palisade Gate |
| 24:46 | Crear | Villager (Male) |
| 24:47 | Crear | Villager (Male) |
| 25:03 | Crear | Skirmisher |
| 25:03 | Crear | Skirmisher |
| 26:48 | Crear | Villager (Male) |
| 26:49 | Crear | Villager (Male) |
| 26:50 | Construir | Farm |
| 27:17 | Construir | Palisade Gate |
| 27:19 | Construir | Palisade Wall |
| 27:27 | Construir | Palisade Wall |
| 27:30 | Construir | Palisade Wall |
| 27:37 | Construir | Palisade Wall |
| 28:15 | Construir | Farm |
| 28:20 | Investigar | Double-Bit Axe |
| 28:47 | Construir | Farm |
| 29:01 | Investigar | Castle Age |
| 29:19 | Construir | Farm |
| 30:48 | Construir | House |
| 30:57 | Construir | Farm |
| 30:59 | Construir | Farm |
| 31:01 | Construir | Farm |
| 31:18 | Investigar | Loom |
| 31:23 | Crear | Villager (Male) |
| 31:23 | Crear | Villager (Male) |
| 31:41 | Edad | Edad de los Castillos |
| 31:53 | Construir | Mining Camp |
| 32:22 | Crear | Villager (Male) |
| 32:22 | Crear | Villager (Male) |
| 32:23 | Crear | Villager (Male) |
| 33:08 | Investigar | Stone Mining |
| 33:11 | Investigar | Bow Saw |
| 33:15 | Investigar | Horse Collar |
| 33:46 | Construir | Farm |
| 34:08 | Crear | Villager (Male) |
| 34:08 | Crear | Villager (Male) |
| 34:14 | Construir | Farm |
| 35:14 | Construir | Mining Camp |
| 35:43 | Investigar | Stone Shaft Mining |
| 36:13 | Construir | Castle |
| 37:13 | Investigar | Bodkin Arrow |
| 38:59 | Construir | Castle |
| 39:17 | Construir | Lumber Camp |
| 40:50 | Construir | Siege Workshop |
| 41:26 | Crear | Battering Ram |
| 41:38 | Construir | Mining Camp |
| 42:05 | Construir | Lumber Camp |
| 42:24 | Investigar | Imperial Age |
| 45:08 | Construir | Mill |
| 45:11 | Construir | Farm |
| 45:11 | Construir | Farm |
| 45:12 | Construir | Farm |
| 45:13 | Construir | Farm |
| 45:14 | Construir | Farm |
| 45:15 | Construir | Farm |
| 45:16 | Construir | Farm |
| 45:17 | Construir | Farm |
| 45:18 | Construir | Farm |
| 45:19 | Construir | Farm |
| 45:34 | Edad | Edad Imperial |
| 45:40 | Investigar | Wheelbarrow |
| 46:28 | Construir | Mining Camp |
| 47:18 | Investigar | Bracer |
| 47:57 | Construir | Town Center |
| 49:13 | Construir | Mining Camp |
| 50:06 | Construir | House |
| 50:08 | Construir | House |
| 50:09 | Construir | House |
| 50:25 | Construir | Town Center |
| 51:10 | Construir | House |
| 51:11 | Construir | House |
| 51:27 | Investigar | Heavy Plow |
| 52:24 | Crear | Villager (Male) |
| 52:24 | Crear | Villager (Male) |
| 52:25 | Crear | Villager (Male) |
| 53:12 | Construir | Archery Range |
Build order — DS_zamazenta
Primeras 150 de 463 acciones detectadas
| 0:01 | Crear | Villager (Male) |
| 0:01 | Crear | Villager (Male) |
| 0:02 | Crear | Villager (Male) |
| 0:03 | Construir | House |
| 0:05 | Construir | House |
| 0:09 | Crear | Villager (Male) |
| 0:09 | Crear | Villager (Male) |
| 1:39 | Crear | Villager (Male) |
| 1:39 | Crear | Villager (Male) |
| 1:50 | Construir | Lumber Camp |
| 2:21 | Crear | Villager (Male) |
| 2:21 | Crear | Villager (Male) |
| 2:35 | Crear | Villager (Male) |
| 2:35 | Crear | Villager (Male) |
| 2:51 | Crear | Villager (Male) |
| 2:51 | Crear | Villager (Male) |
| 3:19 | Construir | House |
| 3:30 | Crear | Villager (Male) |
| 3:31 | Crear | Villager (Male) |
| 3:31 | Crear | Villager (Male) |
| 3:31 | Crear | Villager (Male) |
| 4:37 | Crear | Villager (Male) |
| 4:38 | Crear | Villager (Male) |
| 5:00 | Construir | Mining Camp |
| 5:48 | Crear | Villager (Male) |
| 5:48 | Investigar | Loom |
| 5:53 | Crear | Villager (Male) |
| 6:19 | Investigar | Loom |
| 6:57 | Investigar | Feudal Age |
| 7:13 | Crear | Villager (Male) |
| 7:13 | Crear | Villager (Male) |
| 7:41 | Crear | Villager (Male) |
| 7:59 | Construir | House |
| 8:33 | Construir | Barracks |
| 9:13 | Edad | Edad Feudal |
| 9:31 | Construir | Archery Range |
| 9:39 | Crear | Villager (Male) |
| 9:45 | Construir | House |
| 10:12 | Crear | Villager (Male) |
| 10:36 | Crear | Villager (Male) |
| 10:43 | Crear | Archer |
| 10:43 | Crear | Archer |
| 10:50 | Crear | Villager (Male) |
| 10:58 | Crear | Villager (Male) |
| 11:03 | Construir | Archery Range |
| 11:08 | Investigar | Double-Bit Axe |
| 11:24 | Crear | Archer |
| 11:31 | Construir | Mill |
| 11:38 | Crear | Villager (Male) |
| 11:58 | Construir | House |
| 12:03 | Construir | House |
| 12:06 | Construir | House |
| 12:10 | Crear | Villager (Male) |
| 12:15 | Crear | Archer |
| 12:15 | Crear | Archer |
| 12:47 | Crear | Archer |
| 12:47 | Crear | Archer |
| 12:59 | Crear | Archer |
| 12:59 | Crear | Archer |
| 13:06 | Construir | Blacksmith |
| 13:09 | Crear | Villager (Male) |
| 13:10 | Crear | Villager (Male) |
| 13:17 | Crear | Archer |
| 13:17 | Crear | Archer |
| 13:28 | Crear | Archer |
| 13:32 | Crear | Archer |
| 13:34 | Crear | Villager (Male) |
| 13:42 | Construir | Farm |
| 14:21 | Investigar | Fletching |
| 14:21 | Investigar | Fletching |
| 14:33 | Crear | Villager (Male) |
| 14:36 | Construir | Farm |
| 14:39 | Crear | Archer |
| 14:39 | Crear | Archer |
| 14:47 | Investigar | Town Watch |
| 15:20 | Crear | Archer |
| 15:20 | Crear | Archer |
| 15:20 | Crear | Archer |
| 15:32 | Crear | Archer |
| 15:33 | Crear | Archer |
| 15:33 | Crear | Archer |
| 15:34 | Crear | Villager (Male) |
| 15:35 | Crear | Villager (Male) |
| 15:38 | Construir | Farm |
| 15:41 | Construir | Farm |
| 15:47 | Crear | Archer |
| 15:56 | Crear | Archer |
| 16:20 | Crear | Archer |
| 16:32 | Crear | Villager (Male) |
| 16:32 | Crear | Villager (Male) |
| 16:32 | Crear | Villager (Male) |
| 16:38 | Construir | House |
| 16:39 | Construir | House |
| 16:40 | Construir | House |
| 16:41 | Construir | House |
| 16:44 | Construir | House |
| 16:45 | Construir | House |
| 16:48 | Crear | Villager (Male) |
| 16:55 | Crear | Archer |
| 16:55 | Crear | Archer |
| 17:04 | Crear | Villager (Male) |
| 17:14 | Crear | Archer |
| 17:23 | Crear | Villager (Male) |
| 18:01 | Crear | Villager (Male) |
| 18:05 | Construir | Farm |
| 18:05 | Construir | Farm |
| 18:06 | Construir | Farm |
| 18:06 | Construir | Farm |
| 18:06 | Construir | Farm |
| 18:06 | Construir | Farm |
| 18:07 | Construir | Farm |
| 18:07 | Construir | Farm |
| 18:07 | Construir | Farm |
| 18:07 | Construir | Farm |
| 18:08 | Construir | Farm |
| 18:30 | Crear | Archer |
| 18:30 | Crear | Archer |
| 18:47 | Construir | Farm |
| 18:50 | Construir | Farm |
| 18:54 | Crear | Villager (Male) |
| 18:57 | Crear | Archer |
| 18:57 | Crear | Archer |
| 19:21 | Crear | Archer |
| 19:33 | Investigar | Padded Archer Armor |
| 19:41 | Construir | House |
| 19:43 | Construir | House |
| 19:44 | Construir | House |
| 19:47 | Crear | Villager (Male) |
| 19:49 | Crear | Archer |
| 19:49 | Crear | Archer |
| 20:07 | Construir | Farm |
| 20:10 | Construir | Farm |
| 20:13 | Construir | Farm |
| 20:24 | Crear | Archer |
| 20:24 | Crear | Archer |
| 20:24 | Crear | Archer |
| 20:36 | Construir | House |
| 20:52 | Crear | Archer |
| 21:08 | Crear | Archer |
| 21:21 | Crear | Spearman |
| 21:21 | Crear | Spearman |
| 21:32 | Construir | House |
| 21:41 | Crear | Villager (Male) |
| 21:47 | Crear | Villager (Male) |
| 21:50 | Construir | Lumber Camp |
| 21:53 | Crear | Spearman |
| 21:57 | Construir | Watch Tower |
| 22:16 | Crear | Archer |
| 22:16 | Crear | Archer |
| 22:55 | Crear | Archer |
Build order — albach
Primeras 150 de 566 acciones detectadas
| 0:01 | Crear | Villager (Male) |
| 0:02 | Crear | Villager (Male) |
| 0:02 | Crear | Villager (Male) |
| 0:02 | Crear | Villager (Male) |
| 0:03 | Construir | House |
| 0:04 | Construir | House |
| 1:09 | Crear | Villager (Male) |
| 1:30 | Crear | Villager (Male) |
| 1:30 | Crear | Villager (Male) |
| 1:46 | Construir | Lumber Camp |
| 2:06 | Crear | Villager (Male) |
| 2:20 | Crear | Villager (Male) |
| 2:20 | Crear | Villager (Male) |
| 2:54 | Crear | Villager (Male) |
| 3:12 | Construir | House |
| 3:16 | Crear | Villager (Male) |
| 3:17 | Crear | Villager (Male) |
| 4:13 | Crear | Villager (Male) |
| 4:13 | Crear | Villager (Male) |
| 4:13 | Crear | Villager (Male) |
| 4:14 | Crear | Villager (Male) |
| 4:43 | Construir | Mill |
| 5:01 | Crear | Villager (Male) |
| 5:02 | Crear | Villager (Male) |
| 5:16 | Crear | Villager (Male) |
| 5:44 | Investigar | Loom |
| 6:20 | Investigar | Feudal Age |
| 6:20 | Investigar | Feudal Age |
| 6:21 | Investigar | Feudal Age |
| 7:37 | Construir | Barracks |
| 8:06 | Construir | House |
| 8:53 | Edad | Edad Feudal |
| 9:06 | Construir | Stable |
| 9:10 | Crear | Villager (Male) |
| 9:10 | Crear | Villager (Male) |
| 9:48 | Crear | Villager (Male) |
| 9:50 | Crear | Scout Cavalry |
| 9:50 | Crear | Scout Cavalry |
| 9:50 | Crear | Scout Cavalry |
| 9:51 | Crear | Scout Cavalry |
| 9:59 | Construir | Palisade Gate |
| 10:06 | Construir | House |
| 10:08 | Construir | Palisade Wall |
| 10:14 | Construir | House |
| 10:16 | Crear | Villager (Male) |
| 10:16 | Crear | Villager (Male) |
| 10:19 | Investigar | Double-Bit Axe |
| 10:20 | Investigar | Double-Bit Axe |
| 10:24 | Crear | Scout Cavalry |
| 10:28 | Crear | Villager (Male) |
| 10:40 | Construir | House |
| 10:45 | Construir | Palisade Wall |
| 10:46 | Crear | Villager (Male) |
| 10:46 | Crear | Villager (Male) |
| 11:09 | Construir | Blacksmith |
| 11:36 | Construir | Palisade Wall |
| 11:37 | Crear | Villager (Male) |
| 11:37 | Crear | Villager (Male) |
| 11:38 | Crear | Villager (Male) |
| 12:11 | Crear | Villager (Male) |
| 12:11 | Crear | Villager (Male) |
| 12:11 | Crear | Villager (Male) |
| 12:42 | Construir | Farm |
| 12:42 | Construir | Farm |
| 12:42 | Construir | Farm |
| 12:43 | Construir | Farm |
| 12:48 | Construir | Palisade Wall |
| 12:48 | Crear | Villager (Male) |
| 12:55 | Construir | House |
| 12:56 | Construir | House |
| 12:58 | Construir | House |
| 12:59 | Construir | House |
| 13:03 | Construir | Farm |
| 13:12 | Construir | Lumber Camp |
| 13:20 | Construir | Farm |
| 13:55 | Construir | Farm |
| 13:58 | Construir | Farm |
| 14:02 | Construir | Farm |
| 14:04 | Construir | Farm |
| 14:07 | Construir | Farm |
| 14:10 | Crear | Villager (Male) |
| 14:39 | Construir | Farm |
| 14:44 | Construir | Farm |
| 14:47 | Crear | Villager (Male) |
| 14:50 | Crear | Villager (Male) |
| 14:59 | Construir | Farm |
| 15:25 | Crear | Villager (Male) |
| 15:27 | Construir | Mining Camp |
| 15:32 | Construir | House |
| 15:45 | Crear | Villager (Male) |
| 15:48 | Investigar | Wheelbarrow |
| 16:06 | Construir | House |
| 16:10 | Construir | House |
| 16:13 | Construir | House |
| 16:16 | Crear | Villager (Male) |
| 16:39 | Crear | Villager (Male) |
| 18:14 | Investigar | Castle Age |
| 18:14 | Investigar | Castle Age |
| 18:14 | Investigar | Castle Age |
| 18:53 | Investigar | Horse Collar |
| 18:53 | Investigar | Horse Collar |
| 18:53 | Investigar | Horse Collar |
| 19:16 | Construir | Stable |
| 19:21 | Construir | Stable |
| 19:38 | Construir | Farm |
| 19:38 | Construir | Farm |
| 19:38 | Construir | Farm |
| 20:02 | Investigar | Forging |
| 20:03 | Investigar | Scale Barding Armor |
| 20:06 | Investigar | Bloodlines |
| 20:54 | Edad | Edad de los Castillos |
| 21:01 | Investigar | Husbandry |
| 21:01 | Crear | Camel Scout |
| 21:01 | Crear | Camel Scout |
| 21:02 | Crear | Camel Scout |
| 21:29 | Crear | Villager (Male) |
| 21:29 | Crear | Villager (Male) |
| 21:29 | Crear | Villager (Male) |
| 21:31 | Construir | Farm |
| 21:35 | Construir | Farm |
| 21:36 | Construir | Farm |
| 21:39 | Construir | Town Center |
| 21:41 | Crear | Villager (Male) |
| 21:45 | Construir | Town Center |
| 21:47 | Investigar | Bow Saw |
| 21:47 | Investigar | Bow Saw |
| 21:47 | Investigar | Bow Saw |
| 21:47 | Crear | Villager (Male) |
| 21:48 | Crear | Camel Scout |
| 21:48 | Crear | Camel Scout |
| 21:48 | Crear | Camel Scout |
| 22:48 | Crear | Villager (Male) |
| 22:49 | Crear | Villager (Male) |
| 22:58 | Crear | Villager (Male) |
| 22:59 | Crear | Villager (Male) |
| 22:59 | Crear | Villager (Male) |
| 22:59 | Crear | Villager (Male) |
| 23:23 | Investigar | Light Cavalry (upgrade) |
| 23:28 | Crear | Camel Scout |
| 23:28 | Crear | Camel Scout |
| 23:29 | Crear | Camel Scout |
| 23:36 | Crear | Villager (Male) |
| 23:38 | Crear | Villager (Male) |
| 23:39 | Crear | Villager (Male) |
| 23:45 | Crear | Villager (Male) |
| 23:46 | Crear | Villager (Male) |
| 23:46 | Crear | Villager (Male) |
| 24:03 | Crear | Scout Cavalry |
| 24:03 | Crear | Scout Cavalry |
| 24:04 | Crear | Scout Cavalry |
Build order — Kevionyx
Primeras 150 de 575 acciones detectadas
| 0:01 | Crear | Villager (Male) |
| 0:01 | Crear | Villager (Male) |
| 0:02 | Construir | House |
| 0:03 | Construir | House |
| 0:04 | Crear | Villager (Male) |
| 0:04 | Crear | Villager (Male) |
| 1:26 | Crear | Villager (Male) |
| 1:27 | Crear | Villager (Male) |
| 2:01 | Construir | Lumber Camp |
| 2:05 | Crear | Villager (Male) |
| 2:21 | Crear | Villager (Male) |
| 2:57 | Crear | Villager (Male) |
| 3:14 | Crear | Villager (Male) |
| 3:14 | Crear | Villager (Male) |
| 3:30 | Construir | House |
| 3:32 | Construir | House |
| 3:42 | Crear | Villager (Male) |
| 4:03 | Crear | Villager (Male) |
| 4:23 | Construir | Mill |
| 4:38 | Crear | Villager (Male) |
| 5:01 | Crear | Villager (Male) |
| 5:02 | Crear | Villager (Male) |
| 5:16 | Crear | Villager (Male) |
| 5:38 | Crear | Villager (Male) |
| 6:05 | Crear | Villager (Male) |
| 6:31 | Crear | Villager (Male) |
| 6:49 | Crear | Villager (Male) |
| 6:59 | Construir | Pasture |
| 7:06 | Investigar | Loom |
| 7:14 | Construir | Pasture |
| 7:50 | Crear | Villager (Male) |
| 8:02 | Construir | Lumber Camp |
| 8:05 | Crear | Villager (Male) |
| 8:21 | Investigar | Feudal Age |
| 8:41 | Construir | House |
| 8:42 | Construir | House |
| 8:50 | Crear | Villager (Male) |
| 9:26 | Construir | Palisade Wall |
| 9:38 | Construir | Barracks |
| 9:44 | Construir | House |
| 9:48 | Construir | Palisade Wall |
| 9:51 | Construir | Palisade Wall |
| 9:52 | Crear | Villager (Male) |
| 10:33 | Edad | Edad Feudal |
| 10:40 | Construir | Stable |
| 10:59 | Construir | Palisade Wall |
| 11:02 | Construir | Palisade Gate |
| 11:08 | Crear | Villager (Male) |
| 11:11 | Investigar | Double-Bit Axe |
| 11:22 | Construir | House |
| 11:27 | Construir | Palisade Wall |
| 11:28 | Crear | Villager (Male) |
| 11:36 | Crear | Scout Cavalry |
| 11:36 | Crear | Scout Cavalry |
| 11:36 | Crear | Scout Cavalry |
| 11:37 | Crear | Scout Cavalry |
| 12:04 | Construir | Blacksmith |
| 12:08 | Construir | Palisade Wall |
| 12:12 | Crear | Spearman |
| 12:23 | Crear | Scout Cavalry |
| 12:24 | Crear | Scout Cavalry |
| 12:37 | Crear | Scout Cavalry |
| 12:48 | Construir | House |
| 12:53 | Construir | Palisade Wall |
| 13:00 | Crear | Villager (Male) |
| 13:03 | Investigar | Tech 1014 |
| 13:03 | Investigar | Tech 1014 |
| 13:17 | Investigar | Forging |
| 13:19 | Crear | Villager (Male) |
| 13:49 | Construir | House |
| 13:50 | Construir | House |
| 13:55 | Crear | Spearman |
| 13:56 | Crear | Villager (Male) |
| 13:57 | Crear | Villager (Male) |
| 13:57 | Crear | Villager (Male) |
| 14:01 | Construir | Pasture |
| 14:02 | Construir | Pasture |
| 14:02 | Construir | Pasture |
| 14:03 | Construir | Pasture |
| 14:11 | Construir | House |
| 14:18 | Crear | Villager (Male) |
| 14:23 | Construir | House |
| 14:25 | Construir | House |
| 14:35 | Crear | Villager (Male) |
| 14:43 | Crear | Spearman |
| 15:18 | Construir | House |
| 15:22 | Construir | Palisade Wall |
| 15:36 | Construir | Mining Camp |
| 15:37 | Crear | Villager (Male) |
| 15:38 | Crear | Villager (Male) |
| 16:03 | Crear | Villager (Male) |
| 16:37 | Crear | Villager (Male) |
| 16:56 | Crear | Spearman |
| 17:59 | Crear | Villager (Male) |
| 17:59 | Crear | Villager (Male) |
| 18:12 | Crear | Villager (Male) |
| 18:26 | Construir | Pasture |
| 18:52 | Crear | Villager (Male) |
| 19:05 | Construir | House |
| 19:11 | Construir | Palisade Wall |
| 19:14 | Construir | Palisade Gate |
| 19:20 | Crear | Villager (Male) |
| 19:38 | Construir | Pasture |
| 19:40 | Crear | Villager (Male) |
| 19:49 | Crear | Villager (Male) |
| 20:27 | Construir | House |
| 20:32 | Crear | Villager (Male) |
| 20:42 | Construir | Pasture |
| 20:43 | Construir | Pasture |
| 20:43 | Construir | Pasture |
| 20:43 | Construir | Pasture |
| 20:44 | Construir | Pasture |
| 20:44 | Construir | Pasture |
| 20:46 | Construir | Pasture |
| 20:46 | Construir | Pasture |
| 20:47 | Construir | Pasture |
| 20:48 | Construir | Pasture |
| 20:53 | Investigar | Wheelbarrow |
| 20:59 | Crear | Villager (Male) |
| 21:21 | Construir | Pasture |
| 21:56 | Investigar | Man-at-Arms (upgrade) |
| 22:14 | Construir | Barracks |
| 22:17 | Construir | Barracks |
| 22:33 | Crear | Villager (Male) |
| 22:44 | Construir | House |
| 22:44 | Construir | House |
| 22:44 | Construir | House |
| 22:45 | Construir | House |
| 22:45 | Construir | House |
| 22:45 | Construir | House |
| 22:50 | Crear | Villager (Male) |
| 23:26 | Investigar | Castle Age |
| 23:27 | Investigar | Castle Age |
| 23:39 | Crear | Scout Cavalry |
| 23:57 | Construir | Barracks |
| 23:59 | Investigar | Man-at-Arms (upgrade) |
| 24:11 | Crear | Villager (Male) |
| 24:15 | Crear | Villager (Male) |
| 24:26 | Construir | Mill |
| 24:28 | Construir | Pasture |
| 24:28 | Construir | Pasture |
| 24:28 | Construir | Pasture |
| 24:29 | Construir | Pasture |
| 24:29 | Construir | Pasture |
| 24:39 | Crear | Militia |
| 24:39 | Crear | Militia |
| 24:39 | Crear | Militia |
| 24:55 | Construir | House |
| 25:01 | Construir | House |
| 25:04 | Construir | House |
Cronología de la partida
| 7:31 | LRNI_robotech · first_building Barracks |
| 7:37 | albach · first_building Barracks |
| 8:33 | DS_zamazenta · first_building Barracks |
| 8:47 | Yepes · wall_segment Palisade Wall x7 |
| 8:53 | albach · age_up feudal |
| 9:00 | Yepes · first_building Barracks |
| 9:06 | albach · first_building Stable |
| 9:13 | LRNI_robotech · age_up feudal |
| 9:13 | DS_zamazenta · age_up feudal |
| 9:25 | LRNI_robotech · first_building Archery Range |
| 9:26 | Kevionyx · wall_segment Palisade Wall x6 |
| 9:31 | DS_zamazenta · first_building Archery Range |
| 9:38 | Kevionyx · first_building Barracks |
| 9:48 | Kevionyx · wall_segment Palisade Wall x5 |
| 9:51 | Kevionyx · wall_segment Palisade Wall x8 |
| 10:08 | albach · wall_segment Palisade Wall x6 |
| 10:19 | Yepes · age_up feudal |
| 10:23 | Yepes · first_building Archery Range |
| 10:33 | Kevionyx · age_up feudal |
| 10:39 | Yepes · wall_segment Palisade Wall x10 |
| 10:40 | Kevionyx · first_building Stable |
| 10:45 | albach · wall_segment Palisade Wall x9 |
| 10:59 | Kevionyx · wall_segment Palisade Wall x4 |
| 11:11 | LordZero · first_building Barracks |
| 11:27 | Kevionyx · wall_segment Palisade Wall x8 |
| 11:31 | LRNI_robotech · wall_segment Palisade Wall x7 |
| 11:34 | Yepes · wall_segment Palisade Wall x4 |
| 11:35 | LRNI_robotech · wall_segment Palisade Wall x1 |
| 11:36 | albach · wall_segment Palisade Wall x11 |
| 11:42 | LordZero · age_up feudal |
| 12:08 | Kevionyx · wall_segment Palisade Wall x4 |
| 12:21 | Yepes · wall_segment Palisade Wall x1 |
| 12:25 | LordZero · first_building Archery Range |
| 12:37 | LRNI_robotech · wall_segment Palisade Wall x8 |
| 12:48 | albach · wall_segment Palisade Wall x10 |
| 12:53 | Kevionyx · wall_segment Palisade Wall x5 |
| 13:28 | LRNI_robotech · wall_segment Palisade Wall x7 |
| 13:43 | LRNI_robotech · wall_segment Palisade Wall x6 |
| 13:50 | Yepes · wall_segment Palisade Wall x1 |
| 14:18 | LRNI_robotech · wall_segment Palisade Wall x6 |
| 14:23 | LRNI_robotech · wall_segment Palisade Wall x8 |
| 15:22 | Kevionyx · wall_segment Palisade Wall x3 |
| 15:28 | LRNI_robotech · wall_segment Palisade Wall x8 |
| 15:55 | Yepes · wall_segment Palisade Wall x1 |
| 15:56 | Yepes · wall_segment Palisade Wall x1 |
| 17:15 | Yepes · wall_segment Palisade Wall x1 |
| 17:40 | Yepes · wall_segment Palisade Wall x1 |
| 19:11 | Kevionyx · wall_segment Palisade Wall x4 |
| 19:34 | Yepes · first_market_sell 100 stone |
| 19:35 | Yepes · first_market_buy 100 food |
| 20:54 | albach · age_up castle |
| 21:39 | Yepes · wall_segment Palisade Wall x9 |
| 21:41 | Yepes · wall_segment Palisade Wall x5 |
| 22:09 | LRNI_robotech · age_up castle |
| 22:31 | Yepes · age_up castle |
| 25:03 | LRNI_robotech · first_building Siege Workshop |
| 25:52 | LRNI_robotech · wall_segment Palisade Wall x9 |
| 26:06 | Kevionyx · age_up castle |
| 27:19 | LordZero · wall_segment Palisade Wall x1 |
| 27:22 | DS_zamazenta · age_up castle |
| 27:23 | LRNI_robotech · wall_segment Palisade Wall x16 |
| 27:27 | LordZero · wall_segment Palisade Wall x6 |
| 27:30 | LordZero · wall_segment Palisade Wall x4 |
| 27:37 | LordZero · wall_segment Palisade Wall x10 |
| 28:11 | DS_zamazenta · first_market_sell 100 food |
| 29:09 | Yepes · first_building Castle |
| 29:31 | DS_zamazenta · first_market_buy 100 stone |
| 29:43 | Kevionyx · first_building Siege Workshop |
| 30:21 | LRNI_robotech · wall_segment Palisade Wall x1 |
| 30:29 | LRNI_robotech · wall_segment Palisade Wall x1 |
| 31:29 | albach · first_building Castle |
| 31:41 | LordZero · age_up castle |
| 32:24 | LRNI_robotech · wall_segment Palisade Wall x10 |
| 32:31 | Yepes · first_building Stable |
| 32:32 | albach · first_market_sell 100 food |
| 33:25 | LRNI_robotech · wall_segment Palisade Wall x10 |
| 33:43 | albach · first_building Archery Range |
| 33:44 | LRNI_robotech · first_building Monastery |
| 34:02 | Yepes · first_building Siege Workshop |
| 34:32 | Kevionyx · first_building Monastery |
| 35:21 | LRNI_robotech · first_building Castle |
| 35:57 | DS_zamazenta · first_building Siege Workshop |
| 36:07 | Yepes · first_building Monastery |
| 36:13 | LordZero · first_building Castle |
| 36:37 | albach · age_up imperial |
| 36:44 | DS_zamazenta · first_building Castle |
| 36:50 | LRNI_robotech · wall_segment Palisade Wall x14 |
| 37:04 | Yepes · wall_segment Palisade Wall x15 |
| 37:11 | Yepes · wall_segment Palisade Wall x7 |
| 38:20 | LRNI_robotech · age_up imperial |
| 38:39 | albach · wall_segment Stone Wall x17 |
| 39:14 | Yepes · wall_segment Palisade Wall x1 |
| 39:18 | Kevionyx · age_up imperial |
| 39:20 | LRNI_robotech · wall_segment Palisade Wall x7 |
| 39:28 | Yepes · wall_segment Palisade Wall x8 |
| 39:30 | Yepes · wall_segment Palisade Wall x14 |
| 39:58 | albach · first_market_buy 100 food |
| 40:41 | LRNI_robotech · first_market_sell 100 food |
| 40:50 | LordZero · first_building Siege Workshop |
| 41:30 | Kevionyx · first_building Castle |
| 42:11 | Yepes · age_up imperial |
| 42:33 | LRNI_robotech · first_building Stable |
| 42:38 | DS_zamazenta · age_up imperial |
| 43:08 | Kevionyx · first_building Archery Range |
| 45:29 | albach · wall_segment Stone Wall x17 |
| 45:34 | LordZero · age_up imperial |
| 54:16 | Yepes · wall_segment Stone Wall x9 |
| 55:04 | Yepes · tribute_sent a jugador 2 |
| 55:04 | Yepes · tribute_sent a jugador 3 |
| 55:04 | Yepes · tribute_sent a jugador 4 |
| 55:04 | Yepes · tribute_sent a jugador 5 |
| 55:04 | Yepes · tribute_sent a jugador 6 |
| 57:31 | DS_zamazenta · first_building Monastery |
| 64:43 | DS_zamazenta · first_building Stable |
| 65:28 | Yepes · resign |
[ ANÁLISIS IA · 1 CRÉDITO ]
¿Qué pasó realmente en esta partida?
Wolo.gg analiza cada decisión: build order, eco, micro, errores típicos por bracket. Análisis personalizado por WhatsApp o Discord en 30 segundos.
Guía civ
Drávidas
Perfil
LRNI_robotech